 Dungeon Crawl Stone Soup version 0.18.1-48-g4cf74bf (webtiles) character file.

23155 tevo3000 the Grappler (level 13, -1/68 HPs)
             Began as a Vine Stalker Fighter on Aug 28, 2016.
             Was the Champion of Okawaru.
             Drowned by a drowned soul (11 damage)
             ... summoned by a merfolk avatar
             ... on level 1 of the Shoals.
             The game lasted 01:16:28 (10257 turns).

tevo3000 the Grappler (Vine Stalker Fighter)       Turns: 10257, Time: 01:16:30

Health: -1/68      AC: 25    Str: 32    XL:     13   Next: 4%
Magic:  0/19       EV: 12    Int:  8    God:    Okawaru [******]
Gold:   679        SH: 23    Dex: 15    Spells: 0 memorised, 16 levels left

rFire  x . .     SeeInvis .       - Unarmed
rCold  + . .     Gourm    .     p - +6 ring mail of Jargh {+Inv}
rNeg   . . .     Faith    .     B - +1 large shield
rPois  .         Spirit   +     i - +2 helmet
rElec  .         Dismiss  +     F - +1 cloak {+Inv}
rCorr  .         Reflect  .     v - +2 pair of gloves
SustAt .         Harm     .     a - +0 pair of boots
MR     +....                    m - amulet of dismissal
Stlth  ++........               G - ring of ice
                                o - +4 ring of strength

@: mighty, heroism, mesmerised, somewhat resistant to hostile enchantments,
unstealthy
A: fangs 3, regeneration 3, magic shield, antimagic bite, no device heal 3, rot
immunity
a: Heroism, Finesse, Renounce Religion, Evoke Invisibility


You were on level 1 of the Shoals.
You worshipped Okawaru.
Okawaru was exalted by your worship.
You were not hungry.

You visited 4 branches of the dungeon, and saw 15 of its levels.
You also visited: Volcano.

You collected 679 gold pieces.

Inventory:

Hand Weapons
 Q - the +3 morningstar of Xenysmuv {vamp, Str+3, unknown}
   (Okawaru gifted it to you on level 3 of the Lair of Beasts)

   It inflicts no extra harm, but heals its wielder somewhat when it strikes a
   living foe.
   It affects your strength (+3).
Armour
 a - a +0 pair of boots (worn)
 i - a +2 helmet (worn)
 p - the +6 ring mail of Jargh (worn) {+Inv}
   (Okawaru gifted it to you on level 4 of the Lair of Beasts)

   It lets you turn invisible.
 v - a +2 pair of gloves (worn)
 B - a +1 large shield (worn)
 F - a +1 cloak of invisibility (worn)
 K - a +3 scale mail of fire resistance
Jewellery
 m - an amulet of dismissal (around neck)
 o - a +4 ring of strength (left hand)
 y - an uncursed amulet of rage
 G - a ring of ice (right hand)
Wands
 h - a wand of random effects (30/48)
 A - a wand of polymorph (9/24)
 L - a wand of lightning (2/15)
Scrolls
 b - 4 scrolls of fear
 e - 7 scrolls of identify
 f - 3 scrolls of immolation
 g - 4 scrolls of magic mapping
 n - 2 scrolls of teleportation
 r - 6 scrolls of remove curse
 t - a scroll of enchant weapon
 z - a scroll of noise {unknown}
 C - 3 scrolls of blinking
 H - a scroll of fog
 P - a scroll of torment {unknown}
 R - a scroll of amnesia {unknown}
 S - a scroll of enchant armour
Potions
 c - 2 potions of might
 j - a potion of cancellation
 s - a potion of lignification
 u - a potion of curing
 w - a potion of agility
 J - 2 potions of resistance {unknown}
 T - a potion of flight
Books
 q - a book of Frost

   Spells                             Type                      Level
   a - Freeze                         Ice                          1
   b - Throw Frost                    Conjuration/Ice              2
   c - Ozocubu's Armour               Charms/Ice                   3
   d - Throw Icicle                   Conjuration/Ice              4
   e - Summon Ice Beast               Ice/Summoning                4
 E - a book of Conjurations

   Spells                             Type                      Level
   a - Magic Dart                     Conjuration                  1
   b - Searing Ray                    Conjuration                  2
   c - Dazzling Spray                 Conjuration/Hexes            3
   d - Fulminant Prism                Conjuration/Hexes            4
   e - Iskenderun's Mystic Blast      Conjuration                  4
   f - Iskenderun's Battlesphere      Conjuration/Charms           5
 I - a book of Fire

   Spells                             Type                      Level
   a - Ignite Poison                  Fire/Transmutation/Poison    3
   b - Fireball                       Conjuration/Fire             5
   c - Bolt of Fire                   Conjuration/Fire             6
   d - Delayed Fireball               Conjuration/Fire             7
   e - Ring of Flames                 Charms/Fire                  7
 M - a book of Callings

   Spells                             Type                      Level
   a - Summon Small Mammal            Summoning                    1
   b - Call Imp                       Summoning                    2
   c - Call Canine Familiar           Summoning                    3
   d - Summon Guardian Golem          Hexes/Summoning              3
   e - Summon Lightning Spire         Summoning/Air                4
   f - Summon Ice Beast               Ice/Summoning                4
Comestibles
 d - 6 bread rations
 k - 2 slices of pizza
 l - 3 royal jellies
 x - 21 fruits
 O - a meat ration


   Skills:
 - Level 7.9(12.9) Fighting
 + Level 9.7(14.7) Armour
 + Level 9.3(14.3) Shields
 * Level 11.8(16.8) Unarmed Combat
 + Level 2.0 Spellcasting
 - Level 6.7 Invocations


You had 16 spell levels left.
You didn't know any spells.

Dungeon Overview and Level Annotations

Branches:
Dungeon (9/15)             Temple (1/1) D:5            Lair (4/8) D:9
 Shoals (1/4) Lair:4
  Snake: Lair:3-6    Spider: Lair:3-6       Orc: D:9-12

Altars:
Ashenzari
Cheibriados
Dithmenos
Elyvilon
Fedhas
Gozag
Kikubaaqudgha
Makhleb
Nemelex Xobeh
Okawaru
Pakellas
Qazlal
Ru
Sif Muna
Trog
Vehumet
Xom
Yredelemnul
Zin
The Shining One

Shops:
D:4 [   D:7 (

Annotations:
D:9 Prince Ribbit
Lair:3 1 exclusion


Innate Abilities, Weirdness & Mutations

You have razor-sharp teeth.
You regenerate.
When hurt, damage is shared between your health and your magic reserves.
Your bite disrupts and absorbs the magic of your enemies.
Potions and wands cannot restore your health.
You are immune to rotting.


Message History

The merfolk impaler hits you but does no damage.
Your unstable footing causes you to fumble your attack.
The snapping turtle barely misses you. The merfolk impaler closely misses you.
You block the drowned soul's attack.
You gain the combat prowess of a mighty hero.
You feel slightly more hungry.
The drowned soul returns to the deep!
You block the drowned soul's attack.
The merfolk impaler hits you from afar with a trident!
The merfolk avatar chants its luring song.
The drowned soul touches you. The drowned soul drowns you!
* * * LOW HITPOINT WARNING * * *
You block the snapping turtle's attack. You block the drowned soul's attack.
Drink which item? (? for menu, Esc to quit)
You feel very mighty all of a sudden.
The drowned soul returns to the deep!
The merfolk impaler hits you but does no damage.
The merfolk avatar chants its luring song.
You block the snapping turtle's attack. x2; The drowned soul touches you.
The drowned soul drowns you!
You die...

≈≈≈≈≈≈≈≈≈≈≈≈≈≈≈≈≈≈.≈≈≈≈
≈≈≈≈≈≈≈≈≈≈≈≈..≈≈≈.>≈≈≈≈
≈≈≈≈≈≈≈≈≈≈≈P...≈≈≈≈≈≈≈≈
≈≈≈≈≈.≈≈....##...≈≈≈≈≈≈
≈≈≈....tt##.###<.≈P≈≈≈≈
≈.###..###.###.P≈≈≈≈≈≈
≈.###..#t.≈≈...P≈P≈≈≈≈
≈≈.......t≈≈≈≈≈≈P≈≈≈≈≈≈
...##...#m≈@≈≈≈≈≈≈≈≈≈≈≈
. #...#m≈≈≈≈≈≈≈≈≈≈≈≈≈
#.≈≈.≈≈≈≈≈≈≈≈≈P≈≈≈≈≈
..≈≈.≈P≈.≈≈≈≈≈≈≈≈≈≈P≈
≈≈≈≈.≈≈≈≈≈P≈≈≈P≈≈P
≈≈≈≈≈≈≈≈≈≈≈.≈P≈≈[≈
≈≈≈≈≈PP≈≈≈PP≈≈P≈!.
≈≈≈≈≈≈≈P≈≈P≈≈..


You could see a merfolk avatar, a merfolk impaler and 2 snapping turtles.

Vanquished Creatures
  Fannar (Lair:1)
  3 hydras
  A centaur warrior (D:9)
  A queen ant (Lair:3)
  The ghost of Arkhen the Shield-Bearer, a novice FoFi of Okawaru (D:5)
  A griffon (Lair:2)
  A torpor snail (Lair:4)
  5 spiny frogs
  2 komodo dragons
  A troll (D:9)
  Grinder (D:3)
  2 two-headed ogres
  8 blink frogs (Lair:2)
  A snapping turtle (Lair:4)
  A hog (Volcano)
  2 fire bats (Volcano)
  2 hungry ghosts
  16 yaks
  5 basilisks
  Grum (D:9)
  A hippogriff (D:9)
  5 water moccasins
  20 soldier ants (Lair:3)
  4 orc warriors
  5 porcupines
  An ice beast (D:6)
  3 ogres
  2 sky beasts
  A phantom (D:8)
  19 wolves
  6 centaurs
  6 crocodiles
  The ghost of catlovespin the Conjurer, an amateur DEWz (D:3)
  9 giant frogs
  A wyvern skeleton (D:9)
  2 scorpions
  6 killer bees (D:7)
  4 howler monkeys (D:8)
  4 crimson imps
  3 electric eels
  A giant frog zombie (D:5)
  A giant frog skeleton (D:9)
  7 hounds
  2 orc priests (D:7)
  Jessica (D:3)
  Terence (D:3)
  3 iguanas
  6 orc wizards
  23 worker ants
  12 sheep (Lair:3)
  A hound zombie (D:5)
  A hound skeleton (D:4)
  A worker ant zombie (D:7)
  2 gnolls (D:2)
  9 adders
  21 river rats
  A shadow imp (D:9)
  5 oozes
  An adder zombie (D:9)
  An adder skeleton (D:7)
  5 worms
  A dart slug (D:1)
  5 giant geckos
  24 orcs
  3 ball pythons
  6 bats
  7 giant cockroaches
  7 goblins
  12 hobgoblins
  7 jackals
  6 kobolds
  3 quokkas
  A ball python zombie (D:6)
  2 giant gecko skeletons
  A giant gecko zombie (D:5)
  2 giant newts
  5 rats
  2 fungi
  4 plants
362 creatures vanquished.

Vanquished Creatures (others)
  A two-headed ogre (Volcano)
  A centaur (Volcano)
  A bush (Lair:2)
  A fungus (Lair:2)
4 creatures vanquished.

Grand Total: 366 creatures vanquished

Notes
Turn   | Place    | Note
--------------------------------------------------------------
     0 | D:1      | tevo3000 the Vine Stalker Fighter began the quest for the Orb.
     0 | D:1      | Reached XP level 1. HP: 11/11 MP: 2/2
   158 | D:1      | Reached XP level 2. HP: 16/16 MP: 3/3
   314 | D:1      | Reached skill level 3 in Unarmed Combat
   562 | D:1      | Reached XP level 3. HP: 16/19 MP: 4/4
   707 | D:2      | Found an iron altar of Okawaru.
   730 | D:2      | Became a worshipper of Warmaster Okawaru
  1034 | D:2      | Reached skill level 4 in Unarmed Combat
  1034 | D:2      | Reached XP level 4. HP: 17/23 MP: 5/5
  1633 | D:3      | Reached skill level 5 in Unarmed Combat
  1633 | D:3      | Reached XP level 5. HP: 26/27 MP: 6/6
  1714 | D:3      | Noticed Grinder
  1737 | D:3      | Killed Grinder
  1737 | D:3      | Reached * piety under Okawaru
  1737 | D:3      | Reached skill level 6 in Unarmed Combat
  1737 | D:3      | Gained mutation: You heal very quickly. [Vine Stalker growth]
  1737 | D:3      | Reached XP level 6. HP: 16/32 MP: 5/7
  1787 | D:3      | Reached skill level 7 in Unarmed Combat
  1828 | D:3      | Noticed catlovespin's ghost (amateur DEWz)
  1845 | D:3      | Killed catlovespin's ghost
  1845 | D:3      | Reached XP level 7. HP: 34/35 MP: 8/8
  1856 | D:3      | Noticed Jessica
  1867 | D:3      | Killed Jessica
  1867 | D:3      | Reached ** piety under Okawaru
  1945 | D:3      | Noticed Terence
  1953 | D:3      | Killed Terence
  2355 | D:4      | Found Tezxam's Antique Armour Shop.
  2368 | D:4      | Reached skill level 8 in Unarmed Combat
  2496 | D:4      | Got a shimmering robe
  2507 | D:4      | Identified the +0 robe of the Eight Dances {MR+} (You found it on level 4 of the Dungeon)
  3280 | D:3      | You fall through a shaft for 2 floors!
  3280 | D:5      | Entered Level 5 of the Dungeon
  3323 | D:5      | Reached skill level 9 in Unarmed Combat
  3323 | D:5      | Gained mutation: You have razor-sharp teeth. [Vine Stalker growth]
  3323 | D:5      | Reached XP level 8. HP: 15/39 MP: 5/9
  3417 | D:5      | Found a sparkling altar of Nemelex Xobeh.
  3417 | D:5      | Found an opulent altar of Gozag.
  3420 | D:5      | Found a basalt altar of Yredelemnul.
  3426 | D:5      | Found a shimmering altar of Xom.
  3426 | D:5      | Found a deep blue altar of Sif Muna.
  3426 | D:5      | Found a burning altar of Makhleb.
  3427 | D:5      | Found an ancient bone altar of Kikubaaqudgha.
  3430 | D:5      | Found a glowing silver altar of Zin.
  3432 | D:5      | Found a shattered altar of Ashenzari.
  3469 | D:5      | Noticed Arkhen's ghost (novice FoFi)
  3489 | D:5      | Killed Arkhen's ghost
  3489 | D:5      | Reached *** piety under Okawaru
  3489 | D:5      | Reached skill level 10 in Unarmed Combat
  4025 | D:5      | Found a staircase to the Ecumenical Temple.
  4029 | Temple   | Entered the Ecumenical Temple
  4154 | D:5      | Reached XP level 9. HP: 36/43 MP: 10/10
  4505 | D:6      | Reached **** piety under Okawaru
  4626 | D:6      | Found a radiant altar of Vehumet.
  4833 | D:6      | Reached skill level 11 in Unarmed Combat
  4911 | D:6      | Noticed a two-headed ogre
  4946 | D:6      | Killed a two-headed ogre
  5295 | D:7      | Found Ufoosh Fung's Weapon Emporium.
  5315 | D:7      | Reached skill level 5 in Armour
  5561 | D:7      | Reached ***** piety under Okawaru
  5794 | D:8      | Reached XP level 10. HP: 49/49 MP: 11/11
  5904 | D:8      | Found a snail-covered altar of Cheibriados.
  5904 | D:8      | Found a stormy altar of Qazlal.
  5936 | D:8      | Reached skill level 5 in Shields
  5989 | D:8      | Found a bloodstained altar of Trog.
  6470 | D:9      | Noticed a centaur warrior
  6483 | D:9      | Killed a centaur warrior
  6483 | D:9      | Received a gift from Okawaru
  6494 | D:9      | Got a fine arbalest {god gift}
  6512 | D:9      | Noticed Grum
  6543 | D:9      | Killed Grum
  6691 | D:9      | Reached skill level 1 in Invocations
  6724 | D:9      | Received a gift from Okawaru
  6724 | D:9      | Reached skill level 5 in Fighting
  6786 | D:9      | Found a staircase to the Lair.
  6824 | D:9      | Noticed Prince Ribbit
  6826 | Lair:1   | Entered Level 1 of the Lair of Beasts
  6867 | Lair:1   | Reached XP level 11. HP: 42/56 MP: 13/13
  6939 | Lair:1   | Noticed Fannar
  6951 | Lair:1   | Killed Fannar
  7037 | Lair:1   | Noticed a four-headed hydra
  7049 | Lair:1   | Killed a four-headed hydra
  7321 | Lair:1   | Found a dark tunnel.
  7326 | Volcano  | Entered a volcano
  7977 | Lair:2   | Noticed a griffon
  7986 | Lair:2   | Killed a griffon
  8098 | Lair:2   | Reached skill level 5 in Invocations
  8104 | Lair:2   | Noticed a six-headed hydra
  8110 | Lair:2   | Received a gift from Okawaru
  8116 | Lair:2   | Killed a six-headed hydra
  8116 | Lair:2   | Gained mutation: You regenerate. [Vine Stalker growth]
  8116 | Lair:2   | Reached XP level 12. HP: 54/63 MP: 12/17
  9098 | Lair:3   | Noticed a queen ant
  9113 | Lair:3   | Killed a queen ant
  9211 | Lair:3   | Received a gift from Okawaru
  9214 | Lair:3   | Got a fine morningstar {god gift}
  9326 | Lair:3   | Reached ****** piety under Okawaru
  9761 | Lair:3   | Noticed a six-headed hydra
  9770 | Lair:3   | Killed a six-headed hydra
  9770 | Lair:3   | Reached skill level 1 in Spellcasting
 10094 | Lair:4   | Reached XP level 13. HP: 44/68 MP: 12/19
 10196 | Lair:4   | Found a staircase to the Shoals.
 10209 | Lair:4   | Received a gift from Okawaru
 10212 | Lair:4   | Got a pitted ring mail {god gift}
 10223 | Lair:4   | Identified the +6 ring mail of Jargh {+Inv} (Okawaru gifted it to you on level 4 of the Lair of Beasts)
 10229 | Shoals:1 | Entered Level 1 of the Shoals
 10248 | Shoals:1 | Noticed a merfolk impaler
 10257 | Shoals:1 | Drowned by a drowned soul

Skill      XL: |  1  2  3  4  5  6  7  8  9 10 11 12 13 |
---------------+----------------------------------------+-----
Unarmed Combat | 3 4 5 6 7 9 10 11 | 11.8
Shields        | 3 4 6 8 9 |  9.3
Armour         | 3 5 7 8 9 |  9.7
Fighting       | 3 5 7 |  7.9
Invocations    | 1 5 6 |  6.7
Spellcasting   | 1 2 |  2.0

Action                   |  1- 3 |  4- 6 |  7- 9 | 10-12 | 13-15 || total
-------------------------+-------+-------+-------+-------+-------++-------
Melee: Unarmed           |    92 |   103 |   381 |   821 |    51 ||  1448
       Bite              |    29 |    33 |   122 |   309 |    21 ||   514
Invok: Heroism           |       |       |     3 |    10 |     1 ||    14
       Finesse           |       |       |       |     2 |       ||     2
  Use: Potion            |       |       |    10 |     8 |     1 ||    19
       Scroll            |       |       |     9 |     7 |       ||    16
  Eat: Meat ration       |       |     1 |     2 |     3 |       ||     6
       Beef jerky        |       |       |     4 |       |       ||     4
       Fruit             |       |       |       |     9 |       ||     9
Armor: Scale mail        |    35 |    39 |   148 |   347 |     9 ||   578
       Skin              |       |       |       |    16 |       ||    16
       Ring mail         |       |       |       |       |     6 ||     6
Dodge: Dodged            |    27 |    34 |    71 |   180 |     6 ||   318
Block: Shield            |    34 |    47 |    44 |       |       ||   125
       Large shield      |       |       |   241 |   821 |    51 ||  1113
